 Dungeon Crawl Stone Soup version 0.29.1-13-g9f3cf754e1 (webtiles) character file.

Game seed: 8130168607008856587

10 protoss039 the Digger (level 2, 20/20 HPs)
             Began as a Demonspawn Earth Elementalist on Feb 11, 2023.
             Got out of the dungeon alive.
             The game lasted 00:01:18 (591 turns).

protoss039 the Digger (DsEE)                         Turns: 591, Time: 00:01:19

Health: 20/20      AC:  2    Str:  8    XL:     2   Next: 10%
Magic:  5/5        EV: 12    Int: 16    God:
Gold:   61         SH:  0    Dex: 13    Spells: 4/5 levels left

rFire   . . .      SeeInvis .   e - +2 dagger (venom)
rCold   . . .      Faith    .   (no shield)
rNeg    . . .      Spirit   .   a - +0 robe
rPois   .          Reflect  .   (helmet restricted)
rElec   .          Harm     .   (no cloak)
rCorr   .          Rampage  .   (no gloves)
Will    .....                   (no boots)
Stlth   ++........              (no amulet)
HPRegen 0.06/turn               (no ring)
MPRegen 0.09/turn               (no ring)

@: no status effects
A: horns 1
a: no special abilities


You escaped.
You visited 1 branch of the dungeon, and saw 1 of its levels.

You collected 61 gold pieces.

Inventory:

Hand Weapons
 e - a +2 dagger of venom (weapon)
Armour
 a - a +0 robe (worn)
Potions
 b - a potion of magic
 c - a potion of might {unknown}
 d - a potion of brilliance {unknown}
 f - 2 potions of resistance {unknown}
 g - a potion of degeneration {unknown}


   Skills:
 + Level 0.8 Fighting
 - Level 1.7 Dodging
 - Level 1.7 Stealth
 + Level 2.2 Spellcasting
 - Level 0.8 Transmutations
 + Level 2.9 Earth Magic


You had 4 spell levels left.
You knew the following spells:

 Your Spells              Type           Power      Damage    Failure   Level
a - Sandblast             Erth           22%        2d7       6%          1

Your spell library contained the following spells:

 Spells                   Type           Power      Damage    Failure   Level
 Passwall                 Tmut/Erth      5%         N/A       14%         2
 Stone Arrow              Conj/Erth      12%        3d7       32%         3
 Petrify                  Tmut/Erth      7%         N/A       67%         4


Dungeon Overview and Level Annotations

Branches:
Dungeon (1/15) Zot: 5400

Altars:


Innate Abilities, Weirdness & Mutations

You have a pair of small horns on your head.


Message History

Casting: Sandblast (safe; 6% risk of failure)
Confirm with . or Enter, or press ? or * to list all spells.
Aiming: Sandblast (safe; 6% risk of failure)
Press: ? - help, Shift-Dir - straight line, f - giant cockroach
Aim: a giant cockroach (82% to hit)
The blast of sand hits the giant cockroach!
You kill the giant cockroach!
Things that are here:
a giant cockroach corpse; a bat corpse
Things that are here:
a +2 dagger of venom; 2 stones; a kobold corpse
e - a +2 dagger of venom HP restored.
There is an open door here.
f - 2 fuming green potions You now have 51 gold pieces (gained 14).
Found a robe.
You now have 61 gold pieces (gained 10).
g - a grey potion Your +2 dagger of venom begins to drip with poison!
e - a +2 dagger of venom (weapon)
You open the door.
A ball python comes into view.
Found a scroll labelled KOBUFU ZOUMOSI.
A ball python is nearby!
A ball python is nearby!
A ball python is nearby!
There is an open door here.
You hit the ball python.
You kill the ball python!
No target in view!
No target in view!
Unknown command.
You see here a rat skeleton.
You see here a frilled lizard skeleton.
You enter the shallow water.
Moving in this stuff is going to be slow.
There is a staircase leading out of the dungeon here.
Are you sure you want to leave the Dungeon?
This will make you lose the game!
You have escaped!

#~~P##.#
#...#....#
#.##PP~#
###.####.#
#.##P~P#
#.#.##.#
#...P~~#
.#....#
#.#####~P
.#.....
#.#


PP~ .###### #.### P~P #..#.. #...# #.##.# #.@.# #.##.# #......... #....#
########## ###### There were no monsters in sight!

Vanquished Creatures
  2 giant cockroaches (D:1)
  A quokka (D:1)
  2 ball pythons (D:1)
  2 bats (D:1)
  2 frilled lizards (D:1)
  A kobold (D:1)
  2 rats (D:1)
12 creatures vanquished.

Notes
Turn   | Place    | Note
-------+----------+-------------------------------------------
     0 | D:1      | protoss039 the Demonspawn Earth Elementalist began the
                  | quest for the Orb.
     0 | D:1      | Reached XP level 1. HP: 13/13 MP: 3/3
   419 | D:1      | Discovered your monstrous ancestry.
   419 | D:1      | Gained mutation: You have a pair of small horns on your
                  | head. [demonic ancestry]
   419 | D:1      | Reached XP level 2. HP: 15/20 MP: 1/5
   591 | D:$      | Got out of the dungeon alive.

Illustrated notes

Levels and vault maps discovered:
D:1:      psy_arrival_conway, layout_basic

Action                   || total
-------------------------++-------
Melee: Unarmed           ||     8
       Dagger            ||     1
 Cast: Sandblast         ||    12
Armor: Robe              ||     7
Dodge: Dodged            ||    23
